 Dungeon Crawl Stone Soup version 0.27-a0-287-gd4424db430 (webtiles) character file.

Game seed: 13121785703730532484

129 runemasterragnar the Conjurer (level 4, -1/54 HPs)
             Began as a Draconian Conjurer on Feb 9, 2021.
             Slain by a phantom (4 damage)
             ... on level 3 of the Dungeon.
             The game lasted 00:03:49 (4010 turns).

runemasterragnar the Conjurer (Draconian Conjurer)  Turns: 4010, Time: 00:03:50

Health: -1/54      AC: 22    Str:  9    XL:     4   Next: 88%
Magic:  1/7        EV:  2    Int: 19    God:
Gold:   132        SH:  0    Dex: 10    Spells: 7/8 levels left

rFire    + . .     SeeInvis .   (no weapon)
rCold    + . .     Faith    .   (no shield)
rNeg     + + +     Spirit   .   (armour unavailable)
rPois    +         Reflect  .   (helmet currently unavailable)
rElec    +         Harm     .   (cloak currently unavailable)
rCorr    +         Rampage  .   (gloves currently unavailable)
Will     +....     NoTele   +   (boots currently unavailable)
Stlth    ++........             (no amulet)
HPRegen  0.18/turn              k - ring of willpower
MPRegen  0.10/turn              (no ring)

@: tree-form, resistant
A: unfitting armour, AC +5
a: no special abilities


You were on level 3 of the Dungeon.
You were a tree.
You visited 1 branch of the dungeon, and saw 3 of its levels.

You collected 132 gold pieces.

Inventory:

Hand Weapons
 f - a +2 whip of draining
Jewellery
 k - a ring of willpower (left branch)
Wands
 o - a wand of charming (10)
Scrolls
 a - 2 scrolls of immolation {unknown}
 d - 5 scrolls of remove curse {unknown}
 g - a scroll of blinking {unknown}
 i - a scroll of amnesia {unknown}
 l - 2 scrolls of fear {unknown}
 m - a scroll of enchant armour {unknown}
 n - a scroll of teleportation {unknown}
 p - 4 scrolls of identify {unknown}
Potions
 b - 2 potions of lignification
 c - 2 potions of resistance
 e - a potion of magic {unknown}
 h - a potion of curing {unknown}
 j - 2 potions of haste {unknown}


   Skills:
 + Level 1.8 Fighting
 + Level 2.4 Dodging
 + Level 2.5 Stealth
 + Level 2.5 Spellcasting
 * Level 4.9 Conjurations


You had 7 spell levels left.
You knew the following spells:

 Your Spells              Type           Power        Failure   Level
a - Magic Dart            Conj           84%          2%          1

Your spell library contained the following spells:

 Spells                   Type           Power        Failure   Level
 Searing Ray              Conj           42%          3%          2
 Dazzling Flash           Conj/Hex       22%          17%         3
 Fulminant Prism          Conj/Hex       5%           50%         4
 Iskenderun's Mystic Bla  Conj/Tloc      11%          50%         4


Dungeon Overview and Level Annotations

Branches:
Dungeon (3/15)

Altars:


Innate Abilities, Weirdness & Mutations

((Your plain brown scales are hard. (AC +5)))
You cannot fit into any form of body armour.
((You are cold-blooded and may be slowed by cold attacks.))


Message History

It was a potion of lignification.
You turn into a tree.
Your roots penetrate the ground.
The phantom completely misses you.
You are now empty-handed.
You barely miss the phantom.
The phantom is heavily damaged.
The phantom barely misses you.
You smack the phantom!
The phantom is severely damaged.
The phantom hits you.
* * * LOW HITPOINT WARNING * * *
You hit the phantom.
The phantom is severely damaged.
The phantom hits you but does no damage.
You hit the phantom.
The phantom is almost destroyed.
The phantom completely misses you.
You barely miss the phantom.
The phantom is almost destroyed.
The phantom hits you.
You die...

...................# #...........
##################.#########'####
#....# #.# #####'## #†# ##......#
#.# #.......# #.# #.......#
##+#### #W......# #......
#♣......# #)..... #####
#.##########...... #...# #..
.........##### #####...#
############.# ....'...#
########'## #####...# #.........#
# #...# #.........# # #...######
#.........# #
#...#....#######.........#


You could see a phantom.

Vanquished Creatures
  A centaur zombie (D:3)
  An adder (D:3)
  2 worms
  5 leopard geckos
  3 orcs (D:3)
  A ball python (D:3)
  7 bats
  4 giant cockroaches
  10 goblins
  7 hobgoblins
  4 jackals
  5 kobolds
  2 quokkas
  7 frilled lizards
  10 rats
69 creatures vanquished.

Notes
Turn   | Place    | Note
-------+----------+-------------------------------------------
     0 | D:1      | runemasterragnar the Draconian Conjurer began the quest for
                  | the Orb.
     0 | D:1      | Reached XP level 1. HP: 14/14 MP: 3/3
   567 | D:1      | Reached XP level 2. HP: 22/22 MP: 3/5
  1538 | D:1      | Reached XP level 3. HP: 27/27 MP: 2/6
  1549 | D:1      | Reached skill level 1 in Fighting
  3053 | D:3      | Reached XP level 4. HP: 9/35 MP: 0/7
  3990 | D:3      | Noticed a phantom
  4007 | D:3      | HP: 2/54 [phantom (6)]
  4010 | D:3      | Slain by a phantom

Illustrated notes

Levels and vault maps discovered:
D:1:      mrwooster_arrival_statue_2, layout_basic
D:2:      layout_rooms, minmay_randomly_rotated_circles
D:3:      layout_basic

Skill      XL: |  1  2  3 |
---------------+----------+-----
Stealth        | 2 |  2.5
Dodging        | 2 |  2.4
Fighting       | 1 |  1.8
Spellcasting   | |  2.5
Conjurations   | |  4.9

Action                   |  1- 3 |  4- 6 || total
-------------------------+-------+-------++-------
Melee: Unarmed           |    11 |     5 ||    16
       Whip              |    37 |    60 ||    97
       Tailslap          |     4 |     5 ||     9
 Cast: Magic Dart        |    67 |    13 ||    80
  Use: Potion            |       |     2 ||     2
 Stab: Sleeping          |     1 |     1 ||     2
Armor: Skin              |    23 |    16 ||    39
Dodge: Dodged            |    47 |    47 ||    94

Table legend: (Time is in decaauts)
 A = Elapsed time spent in this place.
 B = Non-inter-level travel time spent in this place.
 C = Inter-level travel time spent in this place.
 D = Time resting spent in this place.
 E = Time spent auto-exploring this place.
 F = Levels seen in this place.
 G = Mean time per level.
                   A        B        C        D        E       F      G
               +--------+--------+--------+--------+--------+-----+--------+
         Total |   4017 |   3933 |     84 |   1290 |   2250 |   3 | 1339.0 |
       Dungeon |   4017 |   3933 |     84 |   1290 |   2250 |   3 | 1339.0 |
               +--------+--------+--------+--------+--------+-----+--------+

Top non-repeatable levels by time:
     D:1: 2169 daAuts
     D:3: 1207 daAuts
     D:2: 640 daAuts
